 Dungeon Crawl Stone Soup version 0.30-a0-808-g6e0788376e (webtiles) character file.

Game seed: 12702799184542974422

782 bande the Chopper (level 7, -13/44 HPs)
             Began as a Gargoyle Fighter on Feb 27, 2023.
             Killed from afar by an acid dragon (16 damage)
             ... with a splash of acid
             ... on level 5 of the Dungeon.
             The game lasted 00:06:12 (4268 turns).

bande the Chopper (Gargoyle Fighter)                Turns: 4268, Time: 00:06:13

Health: -13/44     AC:  8    Str: 19    XL:     7   Next: 86%
Magic:  7/7        EV:  7    Int:  9    God:
Gold:   322        SH:  5    Dex: 11    Spells: 6/6 levels left

rFire   . . .      SeeInvis .    a - +0 war axe (flame)
rCold   . . .      Faith    .    c - +0 buckler
rNeg    + . .      Spirit   .    j - +0 chain mail
rPois   ∞          Reflect  .    n - +1 helmet
rElec   +          Harm     .    (no cloak)
rCorr   .          Rampage  .    (no gloves)
Will    .....                    (no boots) Stlth
                                 (no amulet)
HPRegen 0.27/turn                e - +4 ring of slaying
MPRegen 0.10/turn                (no ring)

@: corroded
A: sickness immunity, AC +4, negative energy resistance 1, electricity
resistance, torment resistance 1, petrification resistance
a: no special abilities


You were on level 5 of the Dungeon.
You visited 1 branch of the dungeon, and saw 5 of its levels.
You also visited: Sewer.

You collected 322 gold pieces.

Inventory:

Hand Weapons
 a - a +0 war axe of flaming (weapon)
Armour
 c - a +0 buckler (worn)
 i - a +3 ring mail of fire resistance
 j - a +0 chain mail (worn)
 n - a +1 helmet (worn)
Jewellery
 e - a +4 ring of slaying (left hand)
Wands
 m - a wand of flame (15)
 r - a wand of roots (8)
 s - a wand of charming (10)
Scrolls
 l - a scroll of enchant armour
Potions
 b - 4 potions of flight
 d - a potion of might
 f - a potion of cancellation
 g - a potion of heal wounds
 h - a potion of experience {unknown}
 k - a potion of resistance {unknown}
 o - 2 potions of haste {unknown}
 p - a potion of curing {unknown}
 q - a potion of lignification {unknown}
 t - 2 potions of mutation {unknown}
 u - a potion of brilliance {unknown}


   Skills:
 + Level 4.4 Fighting
 + Level 5.5 Axes
 + Level 5.2 Armour
 + Level 4.5 Shields
 * Level 2.1 Evocations


You had 6 spell levels left.
You didn't know any spells.
Your spell library contained the following spells:

 Spells                   Type           Power      Damage    Failure   Level
 Magic Dart               Conj           0%         1d3       99%         1
 Call Imp                 Summ           0%         N/A       100%        2
 Call Canine Familiar     Summ           0%         N/A       100%        3
 Kindle Blastsparks       Fire/Tloc/Air  0%         2d10      100%        3
 Mephitic Cloud           Conj/Pois/Air  0%         N/A       100%        3
 Portal Projectile        Hex/Tloc       0%         N/A       100%        3
 Fulminant Prism          Conj/Hex       0%         3d5       100%        4
 Iskenderun's Mystic Bla  Conj/Tloc      0%         2d3       100%        4
 Leda's Liquefaction      Hex/Erth       0%         N/A       100%        4
 Lee's Rapid Deconstruct  Erth           0%         3d4*      100%        5


Dungeon Overview and Level Annotations

Branches:
Dungeon (5/15)              Sewer (visited)
 Temple: D:4-7

Altars:

Annotations:
D:4 3 runed translucent doors, tarna41's ghost, amateur SpCj


Innate Abilities, Weirdness & Mutations

You are immune to sickness and miasma.
Your stone body is resilient. (AC +4)
You are immune to poison.
You resist negative energy. (rN+)
You are resistant to electric shocks. (rElec)
You are resistant to unholy torment.
You are immune to petrification.


Message History

The acid dragon roars!
The acid dragon spits acid at you. The splash of acid hits you!!
Ouch! That really hurt!
You are too injured to fight recklessly!
You are too injured to fight recklessly!
You are too injured to fight recklessly!
You are too injured to fight recklessly!
You are too injured to fight recklessly!
Found a scroll of enchant armour.
The acid dragon spits acid at you. The splash of acid hits you.
The acid corrodes you!
Found 10 gold pieces.
You hear the hiss of a very distant avalanche of sand.
You hit the acid dragon. You burn the acid dragon.
The acid dragon is lightly wounded.
You block the acid dragon's attack. The acid dragon barely misses you.
You barely miss the acid dragon.
The acid dragon is lightly wounded.
You block the acid dragon's attack. The acid dragon claws you.
You hit the acid dragon. You burn the acid dragon.
The acid dragon is moderately wounded.
The acid dragon bites you but does no damage.
The acid dragon claws you but does no damage.
You hit the acid dragon. You burn the acid dragon.
The acid dragon is heavily wounded.
The acid dragon spits acid at you. The splash of acid hits you!
* * * LOW HITPOINT WARNING * * *
The acid corrodes you!
The acid dragon bites you but does no damage.
The acid dragon barely misses you.
You barely miss the acid dragon.
The acid dragon is heavily wounded.
The acid dragon completely misses you. You block the acid dragon's attack.
You slash the acid dragon! You burn the acid dragon.
The acid dragon is severely wounded.
The acid dragon spits acid at you. The splash of acid hits you!
You die...

#)...))...#
#....)....#
#########....)....#
#.................#
#.#######.........#
#.# #############
#.# #...# #.#
###...... #.#
##@..?...# #.#
##.D...###$ #.#
##....### #.#
##...### #.#
###...## #.#
###....##
#.###.....##
#........##
#......###


You could see an acid dragon (catching breath).

Vanquished Creatures
  Sigmund (D:3)
  An ogre (D:4)
  A phantom (D:5)
  A jelly (D:4)
  A gnoll bouda (D:5)
  3 iguanas
  Terence (D:3)
  Robin (D:3)
  5 gnolls (D:5)
  10 adders
  6 river rats
  5 worms
  A dart slug (D:2)
  4 orcs (D:4)
  12 bats
  5 endoplasms
  2 giant cockroaches
  11 goblins
  8 hobgoblins
  A jackal (Sewer)
  6 quokkas
  15 ball pythons
  3 frilled lizards
  3 kobolds
  5 rats
112 creatures vanquished.

Notes
Turn   | Place    | Note
-------+----------+-------------------------------------------
     0 | D:1      | bande the Gargoyle Fighter began the quest for the Orb.
     0 | D:1      | Reached XP level 1. HP: 14/14 MP: 1/1
   385 | D:1      | Reached XP level 2. HP: 19/19 MP: 2/2
  1337 | D:2      | Reached XP level 3. HP: 23/23 MP: 3/3
  1683 | D:3      | Noticed Sigmund
  1691 | D:3      | Killed Sigmund
  1692 | D:3      | Reached XP level 4. HP: 16/29 MP: 4/4
  1692 | D:3      | Reached XP level 5. HP: 19/33 MP: 5/5
  1762 | D:3      | Noticed Robin
  1768 | D:3      | Reached XP level 6. HP: 36/38 MP: 6/6
  1774 | D:3      | Killed Robin
  1911 | D:3      | Found a glowing drain.
  1919 | Sewer    | Entered a sewer
  2834 | D:3      | Found a faded altar of an unknown god.
  2912 | D:3      | Noticed Terence
  2918 | D:3      | Killed Terence
  2919 | D:3      | Reached skill level 1 in Evocations
  3297 | D:4      | Reached skill level 5 in Armour
  3297 | D:4      | Reached XP level 7. HP: 40/43 MP: 7/7
  3478 | D:4      | Noticed tarna41's ghost (amateur SpCj)
  3482 | D:4      | Found a runed translucent gate.
  3482 | D:4      | Found a runed translucent gate.
  3484 | D:4      | Found a runed translucent gate.
  3544 | D:4      | Reached skill level 5 in Axes
  4062 | D:5      | Entered Level 5 of the Dungeon
  4268 | D:5      | Killed from afar by an acid dragon

Illustrated notes

Levels and vault maps discovered:
D:1:      tarquinn_simple_flora_water_a, layout_loops_ring,
          minmay_misc_feat_enclosed, item_on_display_a
D:2:      layout_loops_corners, chequers_decorated_corner
D:3:      layout_loops_ring, lightli_sewer_entry_pipes,
          dreamdust_ecumenical_altar_statues, uniq_robin, uniq_sigmund,
          uniq_terence
D:4:      layout_cave_pods, gammafunk_ghost_split
D:5:      layout_basic, nicolae_wu_jian_wuxing_cycle, serial_curves,
          eino_curves_01, eino_curves_03, nicolae_ossuary_entry_plus,
          kennysheep_generic_room_14

Skill      XL: |  1  2  3  4  5  6  7 |
---------------+----------------------+-----
Axes           | 2 3 4 5 |  5.5
Shields        | 4 |  4.5
Fighting       | 4 |  4.4
Armour         | 4 5 |  5.2
Evocations     | 1 2 |  2.1

Action                     |  1- 3 |  4- 6 |  7- 9 || total
---------------------------+-------+-------+-------++-------
  Melee: War axe           |    73 |   144 |    59 ||   276
    Use: Potion            |     1 |       |       ||     1
         Scroll            |       |     7 |     3 ||    10
 Armour: Scale mail        |     5 |       |       ||     5
         Chain mail        |    50 |   134 |    47 ||   231
  Dodge: Dodged            |    24 |    74 |    29 ||   127
  Block: Buckler           |    13 |    48 |    17 ||    78

Table legend: (Time is in decaauts)
 A = Elapsed time spent in this place.
 B = Non-inter-level travel time spent in this place.
 C = Inter-level travel time spent in this place.
 D = Time resting spent in this place.
 E = Time spent auto-exploring this place.
 F = Levels seen in this place.
 G = Mean time per level.
                   A        B        C        D        E       F      G
               +--------+--------+--------+--------+--------+-----+--------+
         Total |   4599 |   4452 |    147 |      0 |   3502 |   6 |  766.5 |
       Dungeon |   3607 |   3460 |    147 |      0 |   2883 |   5 |  721.4 |
         Sewer |    992 |    992 |      0 |      0 |    619 |   1 |  992.0 |
               +--------+--------+--------+--------+--------+-----+--------+

Top non-repeatable levels by time:
   Sewer: 992 daAuts
     D:3: 965 daAuts
     D:2: 943 daAuts
     D:4: 782 daAuts
     D:1: 706 daAuts
     D:5: 210 daAuts
